 Dungeon Crawl Stone Soup version 0.29-a0-304-gb34f9e133a (webtiles) character file.

64 HerrDoktor the Shield-Bearer (level 4, 29/29 HPs)
             Began as a Gargoyle Fighter on Nov 25, 2018.
             Was an Initiate of Trog.
             Got out of the dungeon alive.
             The game lasted 00:10:32 (1764 turns).

HerrDoktor the Shield-Bearer (Gargoyle Fighter)     Turns: 1764, Time: 00:10:33

Health: 29/29      AC: 10    Str: 21    XL:     4   Next: 12%
Magic:  4/4        EV:  8    Int:  8    God:    Trog [......]
Gold:   92         SH:  8    Dex:  9    Spells: 3/3 levels left

rFire   . . .      SeeInvis .   a - +0 flail
rCold   . . .      Faith    .   c - +0 kite shield
rNeg    + . .      Spirit   +   b - +0 scale mail
rPois   ∞          Reflect  .   (no helmet)
rElec   +          Harm     .   m - scarf {Spirit}
rCorr   .          Rampage  .   (no gloves)
Will    .....                   (no boots)
Stlth   ..........              (no amulet)
HPRegen 0.09/turn               (no ring)
MPRegen 0.09/turn               (no ring)

@: no status effects
A: sickness immunity, AC +3, negative energy resistance 1, electricity
resistance, torment resistance 1, petrification resistance
a: Renounce Religion


You escaped.
You worshipped Trog.
Trog was noncommittal.
You visited 1 branch of the dungeon, and saw 2 of its levels.

You collected 92 gold pieces.

Inventory:

Hand Weapons
 a - a +0 flail (weapon)
 s - a +0 mace
 t - a +0 whip of venom
Missiles
 e - 94 stones (quivered)
 r - 7 atropa-tipped darts
Armour
 b - a +0 scale mail (worn)
 c - a +0 kite shield (worn)
 m - a scarf of spirit shield (worn)
 q - a +0 kite shield
Scrolls
 l - a scroll of removedness
 n - 2 scrolls of removedness
 u - a scroll of immolation {unknown}
Potions
 d - a potion of might
 g - a potion of heal wounds {unknown}
 h - a potion of resistance {unknown}
 i - 2 potions of curing
 j - a potion of flight
 o - 2 potions of ambrosia
 p - a potion of haste {unknown}
Comestibles
 f - 3 removed foods


   Skills:
 + Level 3.7 Fighting
 + Level 2.9 Maces & Flails
 + Level 3.8 Armour
 + Level 3.9 Shields


You had 3 spell levels left.
You didn't know any spells.
Your spell library was empty.

Dungeon Overview and Level Annotations

Branches:
Dungeon (2/15)

Altars:
Trog
The Shining One


Innate Abilities, Weirdness & Mutations

You are immune to sickness and miasma.
Your stone body is resilient. (AC +3)
You are immune to poison.
You resist negative energy. (rN+)
You are resistant to electric shocks. (rElec)
You are resistant to unholy torment.
You are immune to petrification.


Message History

The adder is heavily wounded.
The adder bites you. x2
You closely miss the adder.
The adder is heavily wounded.
The adder bites you but does no damage. x2
Your shield prevents you from hitting the adder.
The adder is heavily wounded.
The adder bites you but does no damage. x2
You hit the adder.
You kill the adder!
Trog accepts your kill.
You have reached level 4!
You feel stronger.
You don't know any spells.
You don't know any spells.
Done exploring.
Done exploring.
Welcome back, HerrDoktor the Gargoyle Fighter.
Trog says: Kill them all!
Press ? for a list of commands and other information.
Save game and exit?
Welcome back, HerrDoktor the Gargoyle Fighter.
Trog says: Kill them all!
Press ? for a list of commands and other information.
Unknown command.
You can't go up here!
You can't go down here!
Press: ? - help, . - travel You can't see that place. [an escape hatch in the floor.]
You can't go up here!
There is an open door here.
There is an escape hatch in the ceiling here.
There is a stone staircase leading up here.
You climb upwards.
There is a stone staircase leading down here.
There is an open door here.
There is a staircase leading out of the dungeon here.
Are you sure you want to leave the Dungeon?
This will make you lose the game!
You have escaped!

###.#.# #.#####.###
#..... #...).# #.# #.#
#..... #.##.## #.# #.#
#.....
#.##..######.#####.#
#.....
####.###.##..##..##...#
#..... .....#
#.##..##.)##...# #.....
###### #.####..##..##.#
#..... # #...##..##..##.#
###### # #.#...##.@##...#
# #)##..##..##...# #
#.####..##..##.######
####
#.####..##..##......#
...#
#.##..##..##........#
...#
#..#..##..##........#
.>.#
##.###..............#####
####
#..##.#######..........#
# ##.##.# #..........#


There were no monsters in sight!

Vanquished Creatures
  An adder (D:2)
  An endoplasm (D:1)
  A dart slug (D:1)
  5 removed leopard geckos
  A ball python (D:1)
  A giant cockroach (D:1)
  5 hobgoblins
  11 kobolds
  8 frilled lizards (D:1)
  6 goblins
  6 rats
46 creatures vanquished.

Notes
Turn   | Place    | Note
-------+----------+-------------------------------------------
     0 | D:1      | HerrDoktor the Gargoyle Fighter began the quest for the
                  | Orb.
     0 | D:1      | Reached XP level 1. HP: 14/14 MP: 1/1
    74 | D:1      | Found a glowing golden altar of the Shining One.
   127 | D:1      | Reached XP level 2. HP: 15/19 MP: 2/2
   325 | D:1      | Reached XP level 3. HP: 21/23 MP: 3/3
  1143 | D:2      | Found a bloodstained altar of Trog.
  1152 | D:2      | Became a worshipper of Trog the Wrathful
  1154 | D:2      | Found a faded altar of an unknown god.
  1679 | D:2      | Reached XP level 4. HP: 27/29 MP: 4/4
  1710 | D:2      | Upgraded the game from 0.23-a0-458-g93a6ea9 to
                  | 0.23-a0-636-g0ff6057
  1710 | D:2      | Upgraded the game from 0.23-a0-636-g0ff6057 to
                  | 0.29-a0-304-gb34f9e133a
  1764 | D:$      | Got out of the dungeon alive.

Illustrated notes

Levels and vault maps discovered:
D:1:      lightli_iron_boxes, serial_corexii_hall,
          chequers_hall_statues_corner_a, corexii_hall_statues_i, tso_metal_star
D:2:      chequers_ecumenical_altar_simple, trog_three_pillars_becter

Action                   |  1- 3 |  4- 6 || total
-------------------------+-------+-------++-------
Melee: Flail             |   222 |       ||   222
  Use: Scroll            |     8 |       ||     8
  Eat: Removed food      |     3 |       ||     3
Armor: Scale mail        |   134 |       ||   134
Dodge: Dodged            |    62 |       ||    62
Block: Kite shield       |   100 |       ||   100

Table legend: (Time is in decaauts)
 A = Elapsed time spent in this place.
 B = Non-inter-level travel time spent in this place.
 C = Inter-level travel time spent in this place.
 D = Time resting spent in this place.
 E = Time spent auto-exploring this place.
 F = Levels seen in this place.
 G = Mean time per level.
                   A        B        C        D        E       F      G
               +--------+--------+--------+--------+--------+-----+--------+
         Total |   1843 |   1785 |     58 |      0 |   1126 |   2 |  921.5 |
       Dungeon |   1843 |   1785 |     58 |      0 |   1126 |   2 |  921.5 |
               +--------+--------+--------+--------+--------+-----+--------+

Top non-repeatable levels by time:
     D:2: 38 daAuts
     D:1: 16 daAuts
Note: time per level data comes from an upgraded game and may be incomplete.
